 Dungeon Crawl Stone Soup version 0.18.1-8-gdd0e5ea (webtiles) character file.

313 Firecrotchwizard the Shield-Bearer (level 6, -4/61 HPs)
             Began as a Troll Fighter on June 12, 2016.
             Slain by a vampire (9 damage)
             ... on level 4 of the Dungeon.
             The game lasted 00:09:45 (2073 turns).

Firecrotchwizard the Shield-Bearer (Troll Fighter)  Turns: 2073, Time: 00:09:46

Health: -4/61      AC: 16    Str: 25    XL:     6   Next: 19%
Magic:  5/5        EV:  5    Int:  4    God:
Gold:   146        SH:  9    Dex: 11    Spells: 0 memorised, 5 levels left

rFire  . . .     SeeInvis .     a - +0 flail
rCold  . . .     Gourm    +     l - +0 storm dragon armour
rNeg   . . .     Faith    .     c - +0 shield
rPois  .         Spirit   .     (helmet restricted)
rElec  +         Dismiss  .     w - +2 cloak {+Inv}
rCorr  .         Reflect  .     (gloves unavailable)
SustAt .         Harm     .     (boots unavailable)
MR     .....                    (no amulet)
Stlth  ..........               (no ring)
                                (no ring)

@: drained, not resistant to hostile enchantments, extremely unstealthy
A: unfitting armour, claws 3, fast metabolism 3, gourmand, regeneration 2,
shaggy fur 1, tough skin 2
a: Evoke Invisibility


You were on level 4 of the Dungeon.
You were not hungry.

You visited 1 branch of the dungeon, and saw 4 of its levels.

You collected 146 gold pieces.

Inventory:

Hand Weapons
 a - a +0 flail (weapon)
 q - a +1 antimagic spear
 v - a +2 quarterstaff of chaos
Armour
 b - a +0 robe
 c - a +0 shield (worn)
 l - a +0 storm dragon armour (worn)
 w - a +2 cloak of invisibility (worn)
Wands
 p - a wand of iceblast (5/15)
Scrolls
 g - 3 scrolls of remove curse
 h - 5 scrolls of enchant weapon {unknown}
 i - a scroll of noise {unknown}
 j - a scroll of fear {unknown}
 m - a scroll of identify {unknown}
Potions
 d - a potion of might
 e - a potion of magic {unknown}
 k - a potion of degeneration {unknown}
 o - a potion of haste {unknown}
 r - a potion of cancellation {unknown}
 t - a potion of curing {unknown}
Comestibles
 f - 3 bread rations
 n - 2 beef jerkies
 s - a royal jelly
 u - 3 meat rations


   Skills:
 + Level 3.0 Fighting
 + Level 2.6(2.5) Maces & Flails
 + Level 0.7(0.6) Polearms
 + Level 1.2(1.1) Armour
 + Level 3.5 Dodging
 - Level 0.1(0.0) Stealth
 + Level 3.9(3.8) Shields


You had 5 spell levels left.
You didn't know any spells.

Dungeon Overview and Level Annotations

Branches:
Dungeon (4/15)
 Temple: D:4-7

Altars:
Ashenzari


Innate Abilities, Weirdness & Mutations

You are too large for most types of armour.
You have claws for hands.
Your metabolism is lightning-fast.
You like to eat raw meat.
You heal very quickly.
You are covered in fur (AC +1).
You have very tough skin (AC +2).


Message History

* * * LOW HITPOINT WARNING * * *
You closely miss something. Something hits you.
* * * LOW HITPOINT WARNING * * *
Something bites you but does no damage.
You barely miss something. Something hits you but does no damage.
Something bites you.
* * * LOW HITPOINT WARNING * * *
Something hits you.
* * * LOW HITPOINT WARNING * * *
You block something's attack.
You closely miss something. Something hits you but does no damage.
Something bites you but does no damage.
You hit something. Something hits you but does no damage.
Something bites you but does no damage.
Your storm dragon armour prevents you from hitting something.
Something hits you but does no damage. Something bites you!
* * * LOW HITPOINT WARNING * * *
Something draws strength from your injuries!
Something hits you!
You die...

#.........#
#...##....#
###'##....#
#.........#
+.........#
#<..###..##
##..†###..######
#...............
##......@{......
#..............
#..######..##..
#..# ..# .....
... ..... ....
...$ .... ....


There were no monsters in sight!

Vanquished Creatures
  An ogre (D:3)
  The ghost of Sagittarian the Ruffian, a weakling TrTm (D:3)
  A hound (D:4)
  Crazy Yiuf (D:3)
  A worker ant (D:3)
  3 adders (D:3)
  2 oozes (D:1)
  2 worms (D:2)
  3 dart slugs
  3 giant geckos
  6 bats
  A giant cockroach (D:3)
  5 goblins
  4 hobgoblins
  2 jackals (D:3)
  A quokka (D:3)
  2 giant newts
  12 kobolds
  10 rats
61 creatures vanquished.

Notes
Turn   | Place    | Note
--------------------------------------------------------------
     0 | D:1      | Firecrotchwizard the Troll Fighter began the quest for the Orb.
     0 | D:1      | Reached XP level 1. HP: 22/22 MP: 0/0
   187 | D:1      | Reached XP level 2. HP: 26/29 MP: 1/1
   742 | D:1      | Reached XP level 3. HP: 32/36 MP: 2/2
  1346 | D:3      | Noticed Sagittarian's ghost (weakling TrTm)
  1380 | D:3      | Killed Sagittarian's ghost
  1380 | D:3      | Reached XP level 4. HP: 12/44 MP: 1/3
  1531 | D:3      | Noticed an ogre
  1543 | D:3      | Killed an ogre
  1543 | D:3      | Reached XP level 5. HP: 33/52 MP: 1/4
  1577 | D:3      | Reached skill level 1 in Armour
  1792 | D:3      | Found a shattered altar of Ashenzari.
  1901 | D:3      | Noticed Crazy Yiuf
  1912 | D:3      | Killed Crazy Yiuf
  1912 | D:3      | Reached XP level 6. HP: 33/59 MP: 1/5
  2056 | D:4      | Noticed a vampire
  2073 | D:4      | Slain by a vampire

Skill      XL: |  1  2  3  4  5  6 |
---------------+-------------------+-----
Dodging        | 3 |  3.5
Maces & Flails | 2 |  2.6
Shields        | 3 |  3.9
Armour         | 1 |  1.2
Fighting       | 3 |  3.0
Polearms       | |  0.7
Stealth        | |  0.1

Action                   |  1- 3 |  4- 6 || total
-------------------------+-------+-------++-------
Melee: Flail             |   111 |    81 ||   192
       Spear             |    68 |    63 ||   131
  Use: Scroll            |     1 |       ||     1
  Eat: Chunk             |     6 |     9 ||    15
       Meat ration       |     1 |       ||     1
Armor: Robe              |    20 |       ||    20
       Storm dragon armo |   117 |    94 ||   211
Dodge: Dodged            |    37 |    36 ||    73
Block: Shield            |   100 |    64 ||   164
